 Dungeon Crawl Stone Soup version 0.25-a0-942-g87a53962fc (webtiles) character file.

Game seed: 9779302676925575382, levelgen mode: deterministic

44 Hasart the Magician (level 3, -3/19 HPs)
             Began as a Deep Elf Wizard on May 6, 2020.
             Shot with an arrow by a centaur (5 damage)
             ... on level 2 of the Dungeon.
             The game lasted 00:02:03 (1047 turns).

Hasart the Magician (Deep Elf Wizard)               Turns: 1047, Time: 00:02:04

Health: -3/19      AC:  3    Str:  4    XL:     3   Next: 41%
Magic:  7/11       EV: 13    Int: 23    God:
Gold:   68         SH:  0    Dex: 13    Spells: 3/11 levels left

rFire    . . .     SeeInvis .   j - +2 dagger (holy)
rCold    . . .     Gourm    .   (no shield)
rNeg     . . .     Faith    .   a - +0 robe
rPois    .         Spirit   .   b - +0 hat
rElec    .         Reflect  .   (no cloak)
rCorr    .         Harm     .   (no gloves)
MR       .....                  i - +0 pair of boots (curse)
Stlth    ++........             (no amulet)
HPRegen  0.06/turn              (no ring)
MPRegen  0.12/turn              (no ring)

@: no status effects
A: no striking features
a: no special abilities


You were on level 2 of the Dungeon.
You were not hungry.

You visited 1 branch of the dungeon, and saw 2 of its levels.

You collected 68 gold pieces.

Inventory:

Hand Weapons
 j - a +2 dagger of holy wrath (weapon)
Armour
 a - a +0 robe (worn)
 b - a +0 hat (worn)
 i - a cursed +0 pair of boots (worn)
Scrolls
 e - a scroll of fog {unknown}
 f - a scroll of remove curse {unknown}
 g - a scroll of teleportation {unknown}
 k - a scroll of fear {unknown}
 m - a scroll of enchant weapon {unknown}
Potions
 h - a potion of heal wounds {unknown}
 l - a potion of resistance {unknown}
Comestibles
 c - 2 chunks of flesh
 d - 6 rations


   Skills:
 + Level 3.1 Dodging
 - Level 2.4 Stealth
 + Level 4.9 Spellcasting
 * Level 2.7 Conjurations
 - Level 1.1 Summonings
 - Level 1.1 Translocations


You had 3 spell levels left.
You knew the following spells:

 Your Spells              Type           Power        Failure   Level  Hunger
a - Magic Dart            Conj           ###.         3%          1    None
b - Call Imp              Summ           ##......     9%          2    None
c - Mephitic Cloud        Conj/Pois/Air  #.......     21%         3    ##.....
v - Blink                 Tloc           N/A          9%          2    None

Your spell library contained the following spells:

 Spells                   Type           Power        Failure   Level  Hunger
 Slow                     Hex            #.......     14%         2    None
 Conjure Flame            Conj/Fire      ##......     16%         3    ##.....


Dungeon Overview and Level Annotations

Branches:
Dungeon (2/15)

Altars:
Trog


Message History

Press: ? - help, Shift-Dir - straight line, f/p - centaur
Aim: a centaur, wielding a +0 shortbow and quivering 13 arrows The magic dart hits the centaur but does no damage.
The centaur shoots an arrow.
The arrow hits you!
Ouch! That really hurt!
* * * LOW HITPOINT WARNING * * *
Unknown command.
Unknown command.
Your shadow imp closely misses the centaur.
What are your orders? t - Shout!
Orders for allies: a - Attack new target. p - Attack previous target. r - Retreat! s - Stop attacking. g - Guard the area. f - Follow me.
Anything else - Cancel.
Gang up on whom?
Press: ? - help, Dir - move target cursor, f/p - centaur
Aim: a centaur, wielding a +0 shortbow and quivering 12 arrows Attack!
The centaur shoots an arrow.
The arrow hits you.
You die...

#......#
###.#### #.#
###### ### #.#
#..... ..# #.#
###.)..# #.#
#.# .......#
#.# #.# #....#
#.###.#
#....###5(@..#
#......c(#####
#(.)##...#
#..# ##.c# #..
#....# #.
......# ..
?_.....# #.
#...##.$.) #.
##.## .c...


You could see a centaur and a friendly shadow imp.

Vanquished Creatures
  An adder (D:2)
  An ooze (D:1)
  A leopard gecko (D:1)
  An orc (D:2)
  4 goblins (D:1)
  4 hobgoblins
  5 bats
  4 frilled lizards (D:1)
  4 kobolds
  5 rats
30 creatures vanquished.

Notes
Turn   | Place    | Note
-------+----------+-------------------------------------------
     0 | D:1      | Hasart the Deep Elf Wizard began the quest for the Orb.
     0 | D:1      | Reached XP level 1. HP: 10/10 MP: 7/7
   235 | D:1      | Reached XP level 2. HP: 15/15 MP: 7/9
   829 | D:2      | Reached XP level 3. HP: 19/19 MP: 6/11
   833 | D:2      | Learned a level 2 spell: Call Imp
   840 | D:2      | Learned a level 3 spell: Mephitic Cloud
   843 | D:2      | Learned a level 2 spell: Blink
   912 | D:2      | Found a bloodstained altar of Trog.
  1039 | D:2      | Noticed a centaur
  1047 | D:2      | Shot with an arrow by a centaur

Levels and vault maps discovered:
D:1:      dpeg_chamrin_arrival_tetris, layout_rooms
D:2:      layout_basic, first_ration, trog_three_pillars_becter

Skill      XL: |  1  2 |
---------------+-------+-----
Conjurations   | 2 |  2.7
Dodging        | 3 |  3.1
Stealth        | |  2.4
Spellcasting   | |  4.9
Summonings     | |  1.1
Translocations | |  1.1

Action                   || total
-------------------------++-------
 Cast: Magic Dart        ||    63
       Call Imp          ||     1
Armor: Robe              ||     3
Dodge: Dodged            ||     6

Table legend:
 A = Non-vault XP
 B = Vault XP
 C = Vault XP percentage of total XP
 D = Non-vault monster count
 E = Vault monster count
 F = Vault count percentage of total count
                 A         B        C        D         E       F
            +---------+---------+-------+---------+---------+-------
      Total |      64 |       0 |   0.0 |      30 |       0 |   0.0
            +---------+---------+-------+---------+---------+-------
        D:1 |      38 |       0 |   0.0 |      22 |       0 |   0.0
        D:2 |      26 |       0 |   0.0 |       8 |       0 |   0.0
            +---------+---------+-------+---------+---------+-------
